Map: Ice and Chrome LE

Players

Scarlett - Winner!

  • Race: Zerg Zerg
  • Spawn Location: 1:00

Silky

  • Race: Zerg Zerg
  • Spawn Location: 7:00

Event: DreamHack SC2 Masters 2020 Fall

VOD

Have the link to the VOD?

Description

Time

  • Played on: Sept. 11, 2020, 6:23 p.m.
  • Length: 7:06

All games in this series

Show
View Real Time Build Order
Export as new Build Order

Scarlett Zerg - Winner!

Build Orders: Hatch First, Zergling Baneling 

Get SALT Encoding   

  12  0:00  Drone  
  13  0:12  Overlord  
  13  0:16  Drone  
  14  0:30  Drone x2  
  16  0:46  Hatchery  
  15  0:50  Drone  
  15  0:54  Drone  
  15  0:57  Drone  
  18  1:08  Extractor  
  17  1:12  Spawning Pool  
  17  1:15  Drone  
  17  1:18  Drone  
  18  1:27  Drone  
  19  1:39  Drone  
  20  1:49  Drone  
  21  1:58  Queen x2  
  21  1:59  Zergling x2  
  21  2:00  Overlord  
  26  2:08  Metabolic Boost  
  26  2:09  Drone  
  26  2:11  Drone  
  28  2:20  Drone  
  28  2:21  Drone  
  30  2:31  Hatchery  
  30  2:34  Drone  
  30  2:37  Zergling x2  
  30  2:43  Drone  
  30  2:44  Overlord  
  32  2:52  Baneling Nest  
  32  2:53  Zergling x2  
  32  3:00  Drone  
  32  3:03  Drone  
  34  3:06  Drone x5  
  39  3:13  Drone x2  
  39  3:16  Overlord  
  41  3:21  Queen  
  43  3:30  Zergling x2  
  44  3:36  Drone, Baneling  
  44  3:37  Drone  
  44  3:39  Drone x4, Evolution Chamber  
  44  3:41  Drone  
  50  3:45  Drone  
  50  3:46  Extractor  
  50  3:47  Extractor  
  49  3:55  Zergling x6  
  52  3:56  Baneling x2  
  52  4:03  Zergling x4  
  52  4:04  Lair  
  52  4:08  Queen, Zergling x2  
  57  4:11  Zergling x2  
  57  4:12  Overlord  
  57  4:16  Baneling x2  
  58  4:21  Baneling  
  58  4:22  Baneling  
  57  4:25  Baneling  
  57  4:26  Drone x2  
  57  4:27  Overlord  
  57  4:29  Queen  
  59  4:35  Drone x4  
  59  4:39  Zerg Melee Weapons Level 1  
  59  4:42  Drone x2  
  52  4:55  Zergling x12  
  52  4:56  Drone  
  52  4:59  Baneling x2  
  59  5:04  Zergling x2  
  55  5:10  Zergling x10  
  55  5:11  Baneling  
  60  5:18  Zergling x8  
  64  5:25  Spire  
  64  5:26  Drone  
  64  5:27  Drone  
  63  5:33  Baneling  
  63  5:34  Baneling x2  
  63  5:35  Baneling  
  63  5:41  Baneling  
  53  5:47  Drone x2  
  53  5:48  Drone x7  
  53  5:49  Baneling x2  
  62  6:02  Zergling x10  
  67  6:10  Extractor x2  
  67  6:11  Zergling x4  
  67  6:13  Baneling  
  67  6:17  Zergling x2  
  68  6:18  Queen  
  68  6:19  Queen  
  69  6:26  Zergling x6  
  69  6:29  Baneling x5  
  72  6:38  Mutalisk  
  73  6:43  Zergling x2  
  73  6:44  Zergling x6  
Show
View Real Time Build Order
Export as new Build Order

Silky Zerg 

Build Orders: Hatch First, Zergling Baneling 

Get SALT Encoding   

  12  0:00  Drone  
  13  0:12  Overlord  
  13  0:17  Drone  
  14  0:30  Drone  
  14  0:31  Drone  
  16  0:47  Hatchery  
  15  0:50  Drone  
  15  0:54  Drone  
  17  0:57  Drone  
  18  1:07  Extractor  
  17  1:12  Spawning Pool  
  17  1:15  Drone  
  17  1:18  Drone  
  18  1:27  Drone  
  19  1:41  Drone  
  20  1:52  Overlord  
  20  1:58  Queen x2  
  20  1:59  Zergling x2  
  20  2:00  Zergling x2  
  26  2:07  Metabolic Boost  
  26  2:10  Drone x2  
  28  2:20  Drone  
  29  2:24  Drone  
  30  2:33  Hatchery  
  30  2:36  Drone  
  30  2:46  Baneling Nest  
  30  2:47  Drone  
  30  2:48  Drone  
  31  2:53  Overlord  
  31  2:57  Drone x2  
  33  3:05  Drone x3  
  33  3:07  Extractor  
  33  3:10  Drone  
  35  3:14  Zergling x4  
  35  3:18  Zergling x4  
  39  3:20  Zergling x2  
  39  3:26  Zergling x2  
  41  3:28  Zergling x2  
  41  3:30  Baneling  
  41  3:37  Zergling x2  
  41  3:40  Zergling x2  
  43  3:44  Overlord  
  43  3:46  Zergling x8  
  43  3:47  Zergling x2  
  48  3:57  Zergling x2  
  48  4:00  Overlord  
  48  4:02  Baneling x3  
  49  4:03  Zergling x2  
  49  4:04  Zergling x4  
  49  4:05  Baneling x3  
  49  4:09  Zergling x4  
  54  4:15  Baneling x2  
  54  4:16  Baneling x4  
  50  4:30  Zergling x14  
  55  4:35  Baneling x4  
  54  4:41  Zergling x4  
  54  4:42  Zergling x2  
  54  4:56  Zergling x14  
  57  5:05  Zergling x8  
  56  5:12  Baneling x6  
  56  5:17  Zergling x8  
  56  5:20  Baneling  
  60  5:26  Baneling x2  
  60  5:31  Baneling  
  42  5:43  Zergling x18  
  42  5:49  Baneling x4  
  48  5:51  Zergling x6  
  48  5:54  Baneling  
  48  5:57  Zergling x4  
  53  6:04  Zergling x2  
  53  6:10  Baneling x3  
  52  6:13  Zergling x6  
  52  6:18  Zergling x4  
  57  6:24  Zergling x10  
  60  6:28  Baneling x2  
  60  6:29  Baneling x2  
  60  6:38  Zergling x8  
  57  6:52  Baneling  

Tags
 
Add a new tag
Caveats
  • Supply blocks, unpowered buildings, or Contaminate may cause inaccurate times.
  • Supply counts are checked every 10 seconds.